 Dungeon Crawl Stone Soup version 0.18-a0-1088-g34ef3a2 (webtiles) character file.

77 vliron the Ducker (level 4, 0/34 HPs)
             Began as a Merfolk Gladiator on Jan 16, 2016.
             Incinerated by lysy's ghost (4 damage)
             ... with a sticky flame
             ... on level 3 of the Dungeon.
             The game lasted 00:17:05 (2481 turns).

vliron the Ducker (Merfolk Gladiator)               Turns: 2481, Time: 00:17:06

Health: 0/34       AC: 14    Str: 16    XL:     4   Next: 33%
Magic:  4/4        EV:  4    Int:  7    God:
Gold:   94         SH:  4    Dex: 14    Spells: 0 memorised, 3 levels left

rFire  . . .     SeeInvis +     h - +2 short sword (protect)
rCold  . . .     Gourm    .     v - +0 chain mail
rNeg   . . .     Faith    .     (no shield)
rPois  .         Spirit   .     c - +0 helmet
rElec  .         Dismiss  .     (no cloak)
rCorr  .         Reflect  +     (no gloves)
SustAt .         Harm     .     (no boots)
MR     .....                    r - +4 amulet of reflection
Stlth  ..........               y - -4 ring of evasion (curse)
                                p - ring of see invisible

@: liquid flames, glowing, not resistant to hostile enchantments, extremely
unstealthy
A: change form in water, swift swim
a: no special abilities


You were on level 3 of the Dungeon.
You were full.

You visited 1 branch of the dungeon, and saw 3 of its levels.

You collected 94 gold pieces.

Inventory:

Hand Weapons
 a - a +0 long sword
 b - a +0 hunting sling
 h - a +2 short sword of protection (weapon)
Missiles
 d - 2 throwing nets (quivered)
 e - 115 stones
 j - 29 bolts
 o - 54 sling bullets
 q - 18 arrows
 t - 8 poisoned needles
Armour
 c - a +0 helmet (worn)
 g - a +0 leather armour
 v - a +0 chain mail (worn)
Jewellery
 p - a ring of see invisible (left hand)
 r - a +4 amulet of reflection (around neck)
 y - a cursed -4 ring of evasion (right hand)
Scrolls
 i - a scroll of noise
 k - a scroll of recharging
 m - a scroll of identify
 n - 2 scrolls of remove curse
 u - a scroll of blinking {unknown}
Potions
 s - a potion of lignification
 w - a potion of magic
Comestibles
 f - 2 bread rations
 l - a chunk of flesh
 x - 2 fruits


   Skills:
 + Level 2.9 Fighting
 * Level 1.9(3.1) Short Blades
 - Level 3.5(3.8) Long Blades
 - Level 2.4 Throwing
 + Level 4.9 Dodging
 + Level 0.5 Stealth


You had 3 spell levels left.
You didn't know any spells.

Dungeon Overview and Level Annotations

Branches:
Dungeon (3/15)

Altars:

Annotations:
D:3 lysy's ghost, amateur DEFE


Message History

Lysy's ghost is moderately damaged.
Lysy's ghost hits you but does no damage.
Your chain mail prevents you from hitting lysy's ghost.
Lysy's ghost is moderately damaged.
Lysy's ghost hits you but does no damage.
You hit lysy's ghost.
Lysy's ghost is moderately damaged.
You hit lysy's ghost.
Lysy's ghost is moderately damaged.
Lysy's ghost hits you but does no damage.
You hit lysy's ghost.
Lysy's ghost is moderately damaged.
Lysy's ghost sprays you with burning goo.
The sticky flame hits you!
You are covered in liquid flames!
* * * LOW HITPOINT WARNING * * *
You hit lysy's ghost.
Lysy's ghost is heavily damaged.
You are covered in liquid flames!
You die...

#.# #.. #.# #.#
###.# ...###### #
## ###......###.#
.. #<).)........#
####.
#.#@......##
......###W......#
#....†.......#
#.#.##......##
#?.........#
#.?#.........
#..#.......### #.
........#
#.#..#####.#


You could see lysy's ghost.

Vanquished Creatures
  2 adders (D:2)
  An ooze (D:1)
  4 worms (D:2)
  2 giant geckos (D:2)
  3 orcs (D:3)
  2 giant cockroaches (D:2)
  6 goblins
  6 hobgoblins
  A jackal (D:2)
  A ball python (D:1)
  A bat (D:2)
  2 giant newts
  5 kobolds
  3 rats
39 creatures vanquished.

Notes
Turn   | Place    | Note
--------------------------------------------------------------
     0 | D:1      | vliron the Merfolk Gladiator began the quest for the Orb.
     0 | D:1      | Reached XP level 1. HP: 16/16 MP: 1/1
   299 | D:1      | Reached XP level 2. HP: 23/23 MP: 2/2
   903 | D:2      | Reached XP level 3. HP: 8/28 MP: 3/3
  1292 | D:2      | Reached skill level 1 in Short Blades
  1831 | D:2      | Reached XP level 4. HP: 30/34 MP: 4/4
  2432 | D:3      | Noticed lysy's ghost (amateur DEFE)
  2481 | D:3      | Incinerated by lysy's ghost

Vault maps used:
D:1:      dpeg_arrival_tiny_g, minmay_misc_feat_roman
D:2:      grunt_ministairs_8
D:3:      minmay_cut_off

Action                   |  1- 3 |  4- 6 || total
-------------------------+-------+-------++-------
Melee: Long sword        |    25 |    27 ||    52
       Short sword       |    79 |    20 ||    99
Throw: Throwing net      |       |     1 ||     1
  Use: Scroll            |     3 |     2 ||     5
 Stab: Sleeping          |     2 |       ||     2
  Eat: Chunk             |     3 |     1 ||     4
       Meat ration       |       |     1 ||     1
